[ AOE2 MATCH · #507127323 ]
UnrankedPersians vs Khitans
Player's team · WIN
Rival team · LOSS
[ REPLAY ANALYSIS · EXTRACTED FROM THE RECORDED GAME ]
Feudal
13:02
Castle
21:52
Imperial
44:20
| APM avg | 65.5 |
| APM peak | 104 |
| eAPM avg | 27.9 |
| Villagers / military | 165 / 141 |
Focus
⚔️ 37.4% · 🌾 62.6%
Skirmisher ×67 · Knight ×47 · Archer ×11 · Camel Scout ×7 · Mangonel ×4 · Monk ×3
Feudal
10:59
Castle
20:22
Imperial
44:21
| APM avg | 148.0 |
| APM peak | 284 |
| eAPM avg | 100.9 |
| Villagers / military | 171 / 213 |
Focus
⚔️ 80.8% · 🌾 19.2%
Skirmisher ×101 · Cavalry Archer ×53 · Camel Scout ×38 · Archer ×12 · Militia ×5 · Monk ×3
Match map
Initial resources + every placement click. Lines = walls · curves = elevation contours. ◆ gold · ⬟ stone · ● berries · ✦ relic · ◌ wall gap
Your base· ✓ Closed at 21:52 · 40t walls · 1 gate(s)
DS_StonePleaseAoE's base· Open — 2t gap
Smoothed initial terrain · ◌ = detected wall gap · hover for details
Inputs per minute
— Gabi - - DS_StonePleaseAoE
Build order — Gabi
First 150 of 507 actions detected
| 0:00 | Create | Villager (Male) |
| 0:01 | Create | Villager (Male) |
| 0:02 | Build | House |
| 0:03 | Build | House |
| 0:29 | Build | Barracks |
| 0:33 | Build | Barracks |
| 0:38 | Create | Villager (Male) |
| 1:04 | Create | Villager (Male) |
| 1:28 | Create | Villager (Male) |
| 1:30 | Create | Militia |
| 1:37 | Build | House |
| 1:42 | Research | Loom |
| 1:54 | Create | Militia |
| 2:30 | Create | Villager (Male) |
| 3:02 | Create | Villager (Male) |
| 3:23 | Create | Villager (Male) |
| 3:49 | Create | Villager (Male) |
| 3:52 | Build | Lumber Camp |
| 4:01 | Create | Villager (Male) |
| 4:15 | Create | Villager (Male) |
| 4:40 | Create | Villager (Male) |
| 5:00 | Create | Villager (Male) |
| 5:06 | Build | House |
| 5:44 | Create | Villager (Male) |
| 5:55 | Create | Villager (Male) |
| 6:15 | Create | Villager (Male) |
| 6:15 | Create | Villager (Male) |
| 6:38 | Create | Villager (Male) |
| 6:55 | Create | Villager (Male) |
| 7:28 | Build | Mill |
| 8:07 | Create | Villager (Male) |
| 8:18 | Build | Palisade Wall |
| 8:27 | Create | Villager (Male) |
| 8:35 | Build | House |
| 8:42 | Create | Villager (Male) |
| 8:46 | Build | Palisade Wall |
| 9:07 | Build | Palisade Wall |
| 9:09 | Create | Villager (Male) |
| 9:16 | Build | Palisade Wall |
| 9:35 | Build | Farm |
| 9:36 | Create | Villager (Male) |
| 9:46 | Build | Palisade Wall |
| 9:58 | Build | Farm |
| 10:01 | Create | Villager (Male) |
| 10:20 | Build | House |
| 10:21 | Build | Palisade Wall |
| 10:28 | Create | Villager (Male) |
| 10:37 | Build | Farm |
| 10:42 | Build | Palisade Wall |
| 10:52 | Research | Feudal Age |
| 11:04 | Build | Mining Camp |
| 11:27 | Build | Farm |
| 11:44 | Build | Palisade Gate |
| 11:49 | Build | Farm |
| 11:55 | Build | House |
| 11:57 | Build | Palisade Wall |
| 12:00 | Build | Palisade Wall |
| 12:05 | Build | Palisade Wall |
| 12:20 | Build | Palisade Wall |
| 12:52 | Create | Villager (Male) |
| 13:02 | Age | Feudal Age |
| 13:05 | Build | Archery Range |
| 13:06 | Create | Villager (Male) |
| 13:12 | Build | Blacksmith |
| 13:24 | Research | Double-Bit Axe |
| 13:26 | Create | Villager (Male) |
| 13:47 | Build | House |
| 13:48 | Create | Archer |
| 13:52 | Create | Villager (Male) |
| 13:58 | Research | Fletching |
| 14:00 | Create | Villager (Male) |
| 14:07 | Create | Skirmisher |
| 14:11 | Create | Villager (Male) |
| 14:14 | Create | Archer |
| 14:15 | Create | Villager (Male) |
| 14:22 | Build | House |
| 14:29 | Create | Archer |
| 14:34 | Research | Horse Collar |
| 14:36 | Create | Villager (Male) |
| 14:45 | Create | Villager (Male) |
| 14:51 | Build | Farm |
| 14:53 | Create | Villager (Male) |
| 15:00 | Create | Archer |
| 15:02 | Build | House |
| 15:14 | Create | Villager (Male) |
| 15:17 | Build | Archery Range |
| 15:21 | Build | House |
| 15:40 | Create | Archer |
| 15:41 | Create | Villager (Male) |
| 15:55 | Build | Farm |
| 16:05 | Build | Farm |
| 16:10 | Create | Villager (Male) |
| 16:12 | Create | Archer |
| 16:13 | Create | Villager (Male) |
| 16:18 | Build | Farm |
| 16:23 | Create | Villager (Male) |
| 16:25 | Build | House |
| 16:29 | Build | Farm |
| 16:33 | Create | Archer |
| 16:35 | Create | Villager (Male) |
| 16:37 | Build | Farm |
| 16:47 | Create | Archer |
| 16:49 | Create | Villager (Male) |
| 16:51 | Build | Farm |
| 16:55 | Create | Archer |
| 17:02 | Build | House |
| 17:13 | Create | Villager (Male) |
| 17:24 | Build | Farm |
| 17:31 | Create | Skirmisher |
| 17:39 | Create | Villager (Male) |
| 17:40 | Build | Farm |
| 17:45 | Build | Lumber Camp |
| 17:50 | Build | House |
| 18:05 | Create | Villager (Male) |
| 18:20 | Create | Skirmisher |
| 18:21 | Create | Villager (Male) |
| 18:33 | Create | Villager (Male) |
| 18:47 | Create | Archer |
| 19:14 | Build | House |
| 19:26 | Research | Castle Age |
| 19:32 | Create | Archer |
| 19:37 | Create | Skirmisher |
| 19:37 | Create | Skirmisher |
| 19:43 | Build | Lumber Camp |
| 19:57 | Create | Skirmisher |
| 20:05 | Build | Farm |
| 20:07 | Build | Farm |
| 20:11 | Build | House |
| 20:13 | Build | Farm |
| 20:15 | Create | Skirmisher |
| 20:15 | Create | Skirmisher |
| 20:18 | Research | Padded Archer Armor |
| 20:32 | Create | Skirmisher |
| 20:39 | Create | Skirmisher |
| 20:43 | Build | House |
| 20:44 | Build | House |
| 21:01 | Create | Skirmisher |
| 21:07 | Create | Skirmisher |
| 21:23 | Create | Skirmisher |
| 21:30 | Create | Skirmisher |
| 21:33 | Build | House |
| 21:52 | Age | Castle Age |
| 21:54 | Research | Bodkin Arrow |
| 21:55 | Research | Elite Skirmisher (upgrade) |
| 21:57 | Create | Villager (Male) |
| 22:03 | Create | Skirmisher |
| 22:11 | Build | University |
| 22:19 | Research | Town Watch |
| 22:20 | Create | Villager (Male) |
| 22:23 | Create | Skirmisher |
Build order — DS_StonePleaseAoE
First 150 of 565 actions detected
| 0:00 | Create | Villager (Male) |
| 0:00 | Create | Villager (Male) |
| 0:01 | Create | Villager (Male) |
| 0:01 | Create | Villager (Male) |
| 0:02 | Build | House |
| 0:05 | Build | House |
| 1:21 | Build | House |
| 1:28 | Create | Villager (Male) |
| 1:28 | Create | Villager (Male) |
| 1:53 | Create | Villager (Male) |
| 2:17 | Create | Villager (Male) |
| 2:28 | Build | Barracks |
| 2:52 | Create | Villager (Male) |
| 3:14 | Create | Villager (Male) |
| 3:17 | Build | House |
| 3:24 | Create | Militia |
| 3:33 | Create | Villager (Male) |
| 4:00 | Create | Militia |
| 4:08 | Create | Villager (Male) |
| 4:10 | Build | House |
| 4:31 | Create | Militia |
| 4:35 | Create | Villager (Male) |
| 4:55 | Create | Villager (Male) |
| 5:07 | Research | Loom |
| 5:07 | Research | Loom |
| 5:30 | Create | Villager (Male) |
| 5:31 | Create | Villager (Male) |
| 6:21 | Create | Villager (Male) |
| 6:36 | Create | Villager (Male) |
| 7:06 | Create | Villager (Male) |
| 7:26 | Build | Lumber Camp |
| 7:49 | Create | Villager (Male) |
| 8:23 | Create | Villager (Male) |
| 8:49 | Research | Feudal Age |
| 9:02 | Build | Mining Camp |
| 9:39 | Build | Mill |
| 9:50 | Create | Militia |
| 9:53 | Create | Villager (Male) |
| 9:57 | Build | House |
| 10:08 | Create | Militia |
| 10:13 | Build | House |
| 10:31 | Build | Pasture |
| 10:52 | Create | Villager (Male) |
| 10:59 | Age | Feudal Age |
| 11:00 | Build | Palisade Wall |
| 11:01 | Build | Palisade Wall |
| 11:02 | Research | Man-at-Arms (upgrade) |
| 11:02 | Research | Man-at-Arms (upgrade) |
| 11:09 | Research | Double-Bit Axe |
| 11:09 | Research | Double-Bit Axe |
| 11:24 | Create | Villager (Male) |
| 11:24 | Create | Villager (Male) |
| 11:31 | Build | Archery Range |
| 11:45 | Create | Villager (Male) |
| 11:58 | Build | House |
| 12:05 | Create | Villager (Male) |
| 12:16 | Create | Archer |
| 12:26 | Create | Villager (Male) |
| 12:29 | Build | Pasture |
| 12:32 | Build | Pasture |
| 12:42 | Create | Archer |
| 12:45 | Build | House |
| 12:48 | Create | Villager (Male) |
| 13:00 | Build | House |
| 13:01 | Build | Palisade Wall |
| 13:17 | Create | Archer |
| 13:18 | Create | Villager (Male) |
| 13:20 | Build | Palisade Wall |
| 13:21 | Build | Palisade Wall |
| 13:41 | Build | Blacksmith |
| 13:42 | Create | Villager (Male) |
| 14:01 | Create | Archer |
| 14:07 | Create | Villager (Male) |
| 14:12 | Build | Palisade Wall |
| 14:15 | Build | Palisade Wall |
| 14:20 | Build | Palisade Wall |
| 14:21 | Build | Palisade Wall |
| 14:25 | Research | Fletching |
| 14:28 | Build | Palisade Wall |
| 14:32 | Create | Villager (Male) |
| 14:45 | Create | Villager (Male) |
| 14:51 | Build | Pasture |
| 14:53 | Create | Archer |
| 15:07 | Create | Villager (Male) |
| 15:14 | Create | Archer |
| 15:24 | Research | Arson |
| 15:29 | Create | Villager (Male) |
| 15:30 | Build | Pasture |
| 15:59 | Build | Palisade Wall |
| 16:01 | Create | Archer |
| 16:07 | Build | Palisade Wall |
| 16:08 | Create | Villager (Male) |
| 16:11 | Build | Pasture |
| 16:23 | Create | Villager (Male) |
| 16:38 | Create | Archer |
| 16:55 | Build | Lumber Camp |
| 17:13 | Build | House |
| 17:32 | Build | Pasture |
| 17:36 | Create | Archer |
| 17:42 | Research | Castle Age |
| 17:42 | Research | Castle Age |
| 17:46 | Build | House |
| 18:11 | Create | Archer |
| 18:19 | Research | Padded Archer Armor |
| 18:24 | Research | Tech 1014 |
| 18:47 | Create | Villager (Male) |
| 18:48 | Create | Archer |
| 18:59 | Build | House |
| 19:11 | Build | Archery Range |
| 19:16 | Create | Archer |
| 19:36 | Create | Villager (Male) |
| 19:39 | Research | Gold Mining |
| 19:55 | Create | Skirmisher |
| 19:55 | Create | Skirmisher |
| 20:03 | Build | Archery Range |
| 20:19 | Create | Skirmisher |
| 20:19 | Create | Skirmisher |
| 20:22 | Age | Castle Age |
| 20:38 | Create | Villager (Male) |
| 20:38 | Research | Bodkin Arrow |
| 21:02 | Research | Elite Skirmisher (upgrade) |
| 21:06 | Create | Skirmisher |
| 21:07 | Create | Villager (Male) |
| 21:13 | Create | Skirmisher |
| 21:13 | Create | Skirmisher |
| 21:16 | Create | Cavalry Archer |
| 21:27 | Create | Cavalry Archer |
| 21:27 | Create | Cavalry Archer |
| 21:37 | Create | Cavalry Archer |
| 21:42 | Create | Villager (Male) |
| 21:43 | Create | Skirmisher |
| 21:44 | Create | Skirmisher |
| 22:03 | Create | Skirmisher |
| 22:04 | Create | Skirmisher |
| 22:10 | Create | Villager (Male) |
| 22:24 | Research | Town Watch |
| 22:26 | Research | Bow Saw |
| 22:26 | Research | Bow Saw |
| 22:28 | Create | Cavalry Archer |
| 22:29 | Create | Skirmisher |
| 22:30 | Create | Skirmisher |
| 22:35 | Create | Villager (Male) |
| 22:37 | Build | House |
| 22:49 | Create | Skirmisher |
| 22:49 | Create | Skirmisher |
| 22:49 | Create | Skirmisher |
| 22:55 | Build | Pasture |
| 23:07 | Create | Skirmisher |
| 23:08 | Create | Villager (Male) |
| 23:11 | Create | Cavalry Archer |
Match timeline
| 0:29 | Gabi · first_building Barracks |
| 2:28 | DS_StonePleaseAoE · first_building Barracks |
| 8:18 | Gabi · wall_segment Palisade Wall x8 |
| 8:46 | Gabi · wall_segment Palisade Wall x3 |
| 9:07 | Gabi · wall_segment Palisade Wall x1 |
| 9:16 | Gabi · wall_segment Palisade Wall x2 |
| 9:46 | Gabi · wall_segment Palisade Wall x11 |
| 10:21 | Gabi · wall_segment Palisade Wall x1 |
| 10:42 | Gabi · wall_segment Palisade Wall x6 |
| 10:59 | DS_StonePleaseAoE · age_up feudal |
| 11:00 | DS_StonePleaseAoE · wall_segment Palisade Wall x1 |
| 11:01 | DS_StonePleaseAoE · wall_segment Palisade Wall x1 |
| 11:31 | DS_StonePleaseAoE · first_building Archery Range |
| 11:57 | Gabi · wall_segment Palisade Wall x2 |
| 12:00 | Gabi · wall_segment Palisade Wall x1 |
| 12:05 | Gabi · wall_segment Palisade Wall x1 |
| 12:20 | Gabi · wall_segment Palisade Wall x5 |
| 13:01 | DS_StonePleaseAoE · wall_segment Palisade Wall x4 |
| 13:02 | Gabi · age_up feudal |
| 13:05 | Gabi · first_building Archery Range |
| 13:20 | DS_StonePleaseAoE · wall_segment Palisade Wall x1 |
| 13:21 | DS_StonePleaseAoE · wall_segment Palisade Wall x1 |
| 14:12 | DS_StonePleaseAoE · wall_segment Palisade Wall x4 |
| 14:15 | DS_StonePleaseAoE · wall_segment Palisade Wall x3 |
| 14:20 | DS_StonePleaseAoE · wall_segment Palisade Wall x2 |
| 14:21 | DS_StonePleaseAoE · wall_segment Palisade Wall x4 |
| 14:28 | DS_StonePleaseAoE · wall_segment Palisade Wall x6 |
| 15:59 | DS_StonePleaseAoE · wall_segment Palisade Wall x1 |
| 16:07 | DS_StonePleaseAoE · wall_segment Palisade Wall x10 |
| 20:22 | DS_StonePleaseAoE · age_up castle |
| 21:52 | Gabi · age_up castle |
| 23:50 | Gabi · wall_segment Palisade Wall x1 |
| 27:54 | Gabi · first_building Stable |
| 28:41 | Gabi · first_building Monastery |
| 31:13 | Gabi · first_building Siege Workshop |
| 33:08 | DS_StonePleaseAoE · first_building Stable |
| 34:56 | DS_StonePleaseAoE · first_building Monastery |
| 35:41 | DS_StonePleaseAoE · first_building Siege Workshop |
| 37:40 | Gabi · first_building Castle |
| 38:36 | DS_StonePleaseAoE · first_market_sell 100 wood |
| 40:03 | DS_StonePleaseAoE · first_market_buy 100 stone |
| 41:10 | Gabi · first_market_sell 100 wood |
| 44:13 | DS_StonePleaseAoE · first_building Castle |
| 44:20 | Gabi · age_up imperial |
| 44:21 | DS_StonePleaseAoE · age_up imperial |
| 44:35 | DS_StonePleaseAoE · resign |
[ AI ANALYSIS · 1 CREDIT ]
What really happened in this match?
Wolo.gg analyzes every decision: build order, eco, micro, common mistakes by bracket. Personalized analysis on WhatsApp or Discord in 30 seconds.
Civ guide
Persians
Perfil
Jugador #2444511